 Dungeon Crawl Stone Soup version 0.31-a0-799-g6bc09d010c (webtiles) character file.

Game seed: 7068794132361917071

9 Essalna the Conjurer (level 2, 19/19 HPs)
             Began as a Demonspawn Conjurer on Sept 19, 2023.
             Got out of the dungeon alive.
             The game lasted 00:00:44 (454 turns).

Essalna the Conjurer (Demonspawn Conjurer)           Turns: 454, Time: 00:00:44

Health: 19/19      AC:  2    Str:  7    XL:     2   Next: 3%
Magic:  5/5        EV: 12    Int: 19    God:
Gold:   19         SH:  0    Dex: 11    Spells: 4/5 levels left

rFire   . . .        d - +0 spear
rCold   . . .        (no shield)
rNeg    . . .        a - +0 robe
rPois   .            (no helmet)
rElec   .            (no cloak)
rCorr   .            (no gloves)
SInv    .            (no boots)
Will    .....        (no amulet)
Stlth   ++           (no ring)
HPRegen 0.23/turn    (no ring)
MPRegen 0.09/turn

%: no passive effects
@: no status effects
A: demonic touch 1
a: no special abilities


You escaped.
You visited 1 branch of the dungeon, and saw 1 of its levels.

You collected 19 gold pieces.

Inventory:

Hand Weapons
 d - a +0 spear (weapon)
Armour
 a - a +0 robe (worn)
Potions
 b - a potion of magic
 c - a potion of brilliance {unknown}
 e - a potion of curing {unknown}
 f - a potion of attraction {unknown}


   Skills:
 - Level 1.7 Dodging
 - Level 1.7 Stealth
 + Level 2.3 Spellcasting
 + Level 4.2 Conjurations


You had 4 spell levels left.
You knew the following spells:

 Your Spells              Type           Power      Damage    Failure   Level
a - Magic Dart            Conj           72%        1d6       3%          1

Your spell library contained the following spells:

 Spells                   Type           Power      Damage    Failure   Level
 Searing Ray              Conj           36%        2d5       4%          2
 Kiss of Death            Conj/Necr      40%        2d8       7%          1
 Dazzling Flash           Conj/Hex       20%        N/A       21%         3
 Confusing Touch          Hex            2%         N/A       43%         3
 Fulminant Prism          Conj/Hex       5%         3d7       56%         4
 Iskenderun's Mystic Bla  Conj/Tloc      10%        2d4       56%         4
 Dispel Undead            Necr           2%         3d7       85%         4


Dungeon Overview and Level Annotations

Branches:
Dungeon (1/15)

Altars:


Innate Abilities, Weirdness & Mutations

Your touch may inflict minor irresistible damage on your foes.


Message History

The magic dart hits the ball python.
You kill the ball python!
You are out of magic!
You are out of magic!
You now have 17 gold pieces (gained 14).
f - a lumpy purple potion
Things that are here:
a +0 short sword; 2 stones; a kobold corpse You pick up a book of Touch and begin reading...
You add the spells Kiss of Death, Confusing Touch and Dispel Undead to your library.
There is a stone staircase leading down here.
Found a mace.
You see here a +0 mace.
You now have 19 gold pieces (gained 2).
Key pressed, stopping explore.
Found a short sword.
You see here a +0 short sword.
Found a short sword.
An endoplasm comes into view.
You see here a +0 short sword.
The magic dart hits the endoplasm.
The endoplasm is moderately wounded.
The endoplasm quivers.
You miscast Magic Dart.
You are very lightly contaminated with residual magic.
Nothing appears to happen.
The endoplasm hits you.
The magic dart hits the endoplasm.
The endoplasm is severely wounded.
The endoplasm misses you.
You are out of magic!
You are out of magic!
You hit the endoplasm.
You kill the endoplasm!
You have reached level 2!
Your demonic ancestry asserts itself...
Your hands begin to faintly glow with unholy energy.
Your magical contamination has completely faded away.
There is an open door here.
There is a staircase leading out of the dungeon here.
You have escaped!

#..[.#...#.### ##.
##.##.........#######..
............#.........†
##.........########....
#.............. #..##
#...###...#####.##..##
#..##.##..# #.....##
#..#...#..# ######.###
#. +.@.'..# #......# #
# #...#..###.###### #
#..##.##......#
#...###...#####
#.........##
#..........#
#..........#
#.##.##.##.##### #
.............#


There were no monsters in sight!

Vanquished Creatures
  2 endoplasms (D:1)
  A goblin (D:1)
  2 hobgoblins (D:1)
  A kobold (D:1)
  A ball python (D:1)
7 creatures vanquished.

Notes
Turn   | Place    | Note
-------+----------+-------------------------------------------
     0 | D:1      | Essalna the Demonspawn Conjurer began the quest for the
                  | Orb.
     0 | D:1      | Reached XP level 1. HP: 13/13 MP: 3/3
   386 | D:1      | Gained mutation: Your touch may inflict minor irresistible
                  | damage on your foes. [demonic ancestry]
   386 | D:1      | Reached XP level 2. HP: 17/19 MP: 0/5
   454 | D:$      | Got out of the dungeon alive.

Illustrated notes

Levels and vault maps discovered:
D:1:      dpeg_arrival_shelter, layout_loops_ring, ebering_ecumenical_altar_rust

Action                     || total
---------------------------++-------
  Melee: Spear             ||     3
   Cast: Magic Dart        ||    13
 Armour: Robe              ||     3
  Dodge: Dodged            ||     1

Table legend: (Time is in decaauts)
 A = Elapsed time spent in this place.
 B = Non-inter-level travel time spent in this place.
 C = Inter-level travel time spent in this place.
 D = Time resting spent in this place.
 E = Time spent auto-exploring this place.
 F = Levels seen in this place.
 G = Mean time per level.
                   A        B        C        D        E       F      G
               +--------+--------+--------+--------+--------+-----+--------+
         Total |    453 |    386 |     67 |      0 |    339 |   1 |  453.0 |
       Dungeon |    453 |    386 |     67 |      0 |    339 |   1 |  453.0 |
               +--------+--------+--------+--------+--------+-----+--------+

Top non-repeatable levels by time:
     D:1: 453 daAuts
